Map: [ESL] Alcyone

Players

Clem - Winner!

  • Race: Terran Terran
  • Spawn Location: 1:00

goblin

  • Race: Protoss Protoss
  • Spawn Location: 7:00

Event: ESL SC2 Masters 2024 Spring (Regional)

VOD

Have the link to the VOD?

Description

Time

  • Played on: April 17, 2024, 9:27 a.m.
  • Length: 27:19

All games in this series

Show
View Real Time Build Order
Export as new Build Order

Clem Terran - Winner!

Build Orders: Cyclone Opening 

Get SALT Encoding   

  12  0:00  SCV  
  13  0:12  SCV  
  14  0:16  Supply Depot  
  14  0:24  SCV  
  15  0:30  Refinery  
  15  0:38  SCV  
  16  0:43  Barracks  
  16  0:50  SCV  
  17  1:02  SCV  
  18  1:14  SCV  
  19  1:30  Orbital Command, Marine  
  19  1:31  Factory  
  20  1:38  Supply Depot  
  20  1:49  Barracks Reactor  
  20  1:55  SCV  
  21  2:07  SCV  
  22  2:13  Command Center  
  22  2:19  SCV  
  23  2:28  Cyclone x2  
  27  2:32  SCV  
  27  2:35  Supply Depot  
  28  2:41  Barracks  
  28  2:44  SCV  
  28  2:51  Refinery  
  29  2:56  SCV  
  30  3:00  Cyclone  
  30  3:03  Cyclone  
  34  3:08  SCV  
  34  3:12  Barracks Tech Lab  
  35  3:21  SCV  
  35  3:23  Barracks  
  36  3:31  Marine  
  36  3:33  SCV  
  38  3:34  Stimpack  
  38  3:42  Marine x2  
  38  3:44  Orbital Command  
  38  3:45  SCV  
  41  3:49  Marine  
  41  3:50  Factory Tech Lab  
  41  3:53  Supply Depot  
  42  4:00  SCV  
  43  4:03  Marine x2  
  43  4:07  Marine  
  45  4:12  SCV x2  
  47  4:21  Marine  
  47  4:22  Combat Shield, Marine  
  50  4:24  SCV  
  50  4:25  SCV  
  50  4:26  Engineering Bay, Marine  
  50  4:27  Marine  
  53  4:33  Starport  
  53  4:34  Factory Reactor  
  53  4:36  SCV  
  53  4:37  SCV  
  55  4:38  Marine  
  55  4:40  Marine  
  55  4:44  Marine  
  58  4:48  SCV, Marine  
  58  4:50  SCV  
  61  4:53  Terran Infantry Weapons Level 1, Supply Depot  
  61  4:57  Missile Turret  
  61  5:00  Missile Turret  
  61  5:02  Supply Depot  
  61  5:05  SCV  
  62  5:14  Marine x4  
  62  5:15  SCV  
  62  5:18  Refinery  
  62  5:19  Medivac  
  69  5:21  SCV, Supply Depot  
  69  5:27  SCV  
  70  5:29  Medivac  
  70  5:32  Marine x2  
  70  5:33  Supply Depot  
  70  5:34  Marine  
  70  5:35  Marine  
  73  5:38  SCV  
  73  5:40  SCV, Factory Reactor  
  73  5:48  Supply Depot  
  73  5:50  SCV, Marine  
  73  5:52  SCV  
  73  5:53  Supply Depot, Refinery  
  73  5:55  Marauder  
  78  5:57  Marauder  
  78  5:59  Concussive Shells  
  78  6:02  SCV  
  81  6:04  SCV  
  81  6:05  Marine  
  83  6:13  Marine  
  83  6:14  SCV  
  83  6:16  SCV  
  86  6:22  Command Center  
  86  6:24  Marauder  
  88  6:26  SCV  
  88  6:27  Marauder  
  88  6:28  SCV  
  88  6:32  Widow Mine  
  94  6:34  Widow Mine  
  95  6:45  Barracks x2  
  95  6:46  Medivac  
  97  6:49  Medivac  
  97  6:52  Terran Infantry Armor Level 1  
  98  6:54  Marine  
  98  6:57  Marauder  
  98  7:00  SCV x2  
  102  7:07  Supply Depot  
  104  7:08  Marauder  
  104  7:12  SCV x2  
  104  7:16  Viking  
  106  7:24  SCV x2  
  108  7:31  Viking  
  108  7:33  Supply Depot  
  108  7:36  SCV x2, Barracks Tech Lab  
  112  7:38  SCV  
  112  7:41  Barracks Tech Lab  
  112  7:42  Barracks Reactor  
  113  7:45  Widow Mine  
  113  7:46  Widow Mine, Ghost Academy  
  113  7:48  SCV  
  113  7:49  SCV  
  113  7:50  Supply Depot  
  120  7:52  Viking  
  121  7:59  Orbital Command  
  121  8:00  SCV  
  121  8:01  SCV, Viking  
  125  8:07  Supply Depot, Refinery  
  125  8:08  Refinery  
  126  8:12  SCV  
  126  8:13  SCV  
  126  8:15  Starport  
  126  8:16  Ghost  
  129  8:21  Supply Depot, Ghost  
  129  8:23  Viking  
  129  8:24  SCV  
  129  8:25  SCV x2  
  136  8:31  Ghost, Viking  
  139  8:35  Marine x2  
  139  8:36  Marine x2  
  139  8:37  SCV x2  
  139  8:38  SCV  
  139  8:41  Supply Depot  
  146  8:45  Marine  
  146  8:48  Armory, Engineering Bay  
  147  8:51  Viking x2  
  147  8:53  Viking  
  153  8:57  Supply Depot  
  153  8:59  Ghost  
  153  9:01  Viking  
  157  9:10  Command Center  
  157  9:13  Ghost  
  157  9:14  Supply Depot  
  159  9:20  Supply Depot, Ghost  
  159  9:21  Missile Turret  
  159  9:24  SCV  
  162  9:25  Viking  
  162  9:28  Ghost, Viking  
  168  9:33  Marine x2  
  168  9:34  Supply Depot  
  168  9:35  Marine  
  159  9:38  Viking  
  159  9:40  Marine  
  159  9:44  Viking  
  161  9:45  Ghost  
  161  9:49  Marauder  
  161  9:51  Marine  
  166  9:54  Supply Depot  
  166  9:57  SCV x3  
  166  9:59  Terran Infantry Weapons Level 2  
  169  10:01  Marine x2  
  169  10:02  Marine  
  169  10:04  Terran Infantry Armor Level 2  
  174  10:07  Marauder  
  174  10:09  SCV x2  
  174  10:10  SCV  
  177  10:15  Sensor Tower  
  177  10:19  Ghost  
  179  10:21  SCV  
  179  10:22  SCV  
  179  10:23  Marauder  
  183  10:30  Barracks  
  183  10:31  Barracks  
  183  10:36  Barracks, Terran Ship Weapons Level 1  
  183  10:38  SCV x3  
  183  10:42  Marine  
  187  10:47  Marauder  
  187  10:49  Marauder  
  191  10:51  Marine  
  191  10:52  Planetary Fortress  
  191  10:54  Marauder  
  191  10:55  Marine  
  191  10:56  Marine  
  196  11:03  SCV x2  
  193  11:04  SCV  
  193  11:07  Sensor Tower  
  193  11:08  Refinery, Marauder  
  193  11:11  Refinery, Marauder  
  198  11:16  Marauder  
  198  11:17  Command Center  
  200  11:29  Starport, Fusion Core  
  200  11:33  Barracks Tech Lab x2  
  200  11:34  Barracks Tech Lab  
  200  11:38  Sensor Tower  
  199  11:43  Command Center  
  199  11:44  Command Center  
  199  11:47  Missile Turret  
  199  11:50  Personal Cloaking  
  199  11:51  Missile Turret  
  199  12:05  Liberator  
  199  12:07  Liberator x3  
  195  12:10  Ghost  
  195  12:11  Ghost  
  195  12:14  Marine  
  190  12:15  Starport Reactor  
  190  12:16  Advanced Ballistics  
  190  12:17  Liberator  
  190  12:22  Marauder x2  
  193  12:28  Marauder x2  
  188  12:30  Marine  
  188  12:34  Marine  
  188  12:36  Marine  
  183  12:37  Marine  
  183  12:39  Marauder  
  183  12:41  Marauder  
  183  12:42  Missile Turret  
  183  12:43  Sensor Tower  
  187  12:48  Viking  
  187  12:49  Ghost  
  187  12:50  Medivac, Viking  
  194  12:52  Medivac  
  194  12:54  Marine x2  
  185  12:59  SCV  
  185  13:00  SCV x3, Medivac  
  185  13:04  Marauder x2  
  186  13:07  Marauder x3, Marine  
  186  13:11  Marine  
  186  13:12  Marine  
  193  13:18  Medivac, Marauder  
  178  13:20  Viking  
  178  13:21  Viking  
  178  13:23  Marine  
  178  13:25  Marauder x2  
  180  13:28  Marauder  
  180  13:30  Ghost, Marine  
  180  13:31  Marine  
  178  13:35  Marauder, Marine  
  178  13:38  Planetary Fortress  
  181  13:43  Terran Infantry Weapons Level 3  
  155  13:49  Ghost  
  150  13:55  Marauder  
  150  13:56  Ghost, Marauder  
  150  14:01  Refinery, Marine x2  
  150  14:02  Marine  
  154  14:05  SCV x3  
  154  14:07  Refinery  
  157  14:11  Terran Infantry Armor Level 3  
  157  14:13  Ghost  
  157  14:15  Orbital Command x2  
  159  14:18  Ghost  
  160  14:24  Missile Turret  
  160  14:25  Ghost  
  160  14:26  SCV x2  
  160  14:27  SCV  
  160  14:30  Terran Ship Weapons Level 2  
  165  14:32  Marauder x2  
  165  14:35  Marine  
  165  14:36  Marauder  
  165  14:37  Marine  
  172  14:43  Marauder  
  172  14:44  Refinery  
  172  14:45  Liberator  
  174  14:47  Ghost  
  174  14:50  Marine x2  
  174  14:52  Marine  
  178  14:54  Marauder x3  
  178  14:55  Marine  
  178  14:58  Liberator  
  188  15:01  Marauder  
  188  15:04  Marauder  
  186  15:08  Marine x2  
  186  15:10  Liberator  
  186  15:12  Marine  
  186  15:13  Marine  
  187  15:15  Marine, Marauder x2  
  187  15:16  Marine  
  187  15:18  Liberator  
  187  15:19  Caduceus Reactor  
  190  15:22  Marine  
  190  15:24  Liberator  
  190  15:25  Marauder  
  190  15:28  Marine  
  190  15:33  Liberator, Marauder  
  190  15:34  Marine, Marauder  
  190  15:35  Marine x2  
  198  15:36  Marine  
  198  15:37  Marine  
  198  15:48  Marine x2  
  186  15:50  Marauder  
  186  15:51  Liberator  
  186  15:52  Marine x2  
  186  15:53  Marine  
  186  15:54  Liberator, Marauder  
  186  15:55  Marauder x2  
  186  15:56  Marauder  
  199  16:05  Sensor Tower  
  199  16:06  Marine  
  199  16:10  Command Center  
  200  16:17  Sensor Tower  
  200  16:21  Starport Reactor  
  200  16:30  Neosteel Armor  
  200  16:39  Command Center  
  200  16:40  Command Center x2  
  200  16:47  Ghost  
  198  16:48  Liberator  
  198  16:49  Liberator  
  198  16:50  Marine x2  
  197  16:55  Liberator, Marine  
  197  16:56  Marauder, Marine  
  197  17:01  Liberator  
  196  17:07  Ghost  
  196  17:08  Marine  
  196  17:09  Viking  
  196  17:10  Viking  
  196  17:13  Marauder  
  196  17:14  Marauder  
  200  17:19  Marine  
  187  17:22  Ghost  
  187  17:27  Ghost  
  187  17:28  Marine  
  187  17:29  Marine  
  186  17:30  Ghost  
  186  17:31  Viking  
  186  17:32  Marine, Viking  
  186  17:36  Marine x2  
  186  17:37  Marauder  
  195  17:38  Viking  
  197  17:49  Marine  
  197  17:50  Viking  
  200  17:51  Orbital Command  
  200  17:56  Orbital Command  
  195  18:06  Ghost, Viking  
  195  18:08  Viking  
  199  18:12  Command Center  
  199  18:27  Viking  
  192  18:28  Marauder x2  
  192  18:29  Marauder x2, Marine  
  189  18:36  Marauder x2  
  189  18:37  Marine  
  193  18:47  Command Center  
  193  18:50  Marauder  
  193  18:54  Marauder  
  197  18:57  Refinery  
  197  18:58  Liberator  
  197  18:59  Sensor Tower, Missile Turret  
  198  19:05  Liberator x2  
  198  19:06  Marauder  
  198  19:08  Ghost  
  188  19:10  Marine  
  188  19:13  Liberator, Ghost  
  188  19:15  Marine  
  186  19:18  Planetary Fortress  
  186  19:21  Marauder x2  
  186  19:22  Marine  
  191  19:25  Liberator  
  191  19:27  Orbital Command  
  191  19:29  Marauder  
  191  19:31  Marauder  
  198  19:37  Ghost  
  198  19:41  Liberator  
  198  19:42  Ghost  
  198  19:43  Marine  
  198  19:45  Terran Vehicle And Ship Armor Level 1  
  198  19:46  Marauder  
  198  19:55  Command Center  
  198  19:57  Liberator  
  198  19:58  Marine, Marauder  
  196  20:00  Liberator  
  196  20:01  Marine x2  
  196  20:02  Marauder  
  196  20:05  Marauder  
  198  20:08  Marine  
  199  20:17  Missile Turret  
  199  20:18  Sensor Tower  
  199  20:21  Marauder, Marine x3  
  196  20:23  Liberator, Marauder  
  196  20:31  Marine  
  196  20:33  Marauder, Marine  
  196  20:34  Marauder  
  196  20:35  Ghost  
  189  20:37  Medivac  
  189  20:38  Marine  
  189  20:39  Liberator, Marine  
  180  20:42  Marauder  
  180  20:45  Marine, Marauder  
  180  20:48  Liberator  
  180  20:49  Marine  
  187  20:51  Marauder  
  187  20:54  Ghost x2  
  187  20:56  Marine x2  
  195  21:03  Liberator, Ghost, Marine  
  194  21:04  Marauder  
  194  21:06  Marauder  
  194  21:07  Marine  
  178  21:12  Marine  
  178  21:14  Marine x2  
  178  21:15  Liberator  
  178  21:16  Liberator  
  166  21:22  Liberator  
  166  21:23  Ghost, Marauder  
  166  21:24  Ghost  
  175  21:26  Orbital Command  
  175  21:29  Orbital Command  
  171  21:37  Liberator x2  
  171  21:39  Marauder  
  177  21:41  Marauder  
  177  21:44  Marauder  
  177  21:46  Marauder, Marine  
  184  21:50  Orbital Command  
  184  21:52  Marauder  
  188  21:54  Marauder  
  188  21:55  Marine  
  188  22:01  Marauder  
  190  22:02  Liberator, Marauder  
  190  22:04  Marine  
  190  22:05  Marauder, Marine x2  
  190  22:08  Marauder  
  199  22:13  Marine x2  
  200  22:18  Orbital Command  
  199  22:24  Ghost  
  199  22:27  Liberator  
  199  22:28  Marauder x2, Marine  
  199  22:29  Ghost, Marauder  
  188  22:30  Marine  
  188  22:33  Liberator  
  188  22:34  Marauder  
  188  22:35  Marine x2  
  187  22:45  Liberator  
  187  22:46  Liberator  
  187  22:49  Marine  
  187  22:50  Marauder x2  
  187  22:51  Marine  
  199  22:59  Sensor Tower  
  199  23:00  Missile Turret  
  199  23:03  Unknown  
  199  23:17  Ghost  
  200  23:25  Command Center  
  200  23:32  Terran Vehicle And Ship Armor Level 2  
  200  23:34  Command Center  
  200  23:36  Command Center  
  200  23:46  Liberator  
  200  23:47  Marine  
  200  23:52  Ghost  
  200  23:54  Command Center  
  200  24:00  Marine  
  196  24:04  Liberator  
  196  24:05  Marauder  
  196  24:06  Liberator  
  196  24:07  Marauder, Marine x3  
  196  24:08  Marauder x2  
  198  24:10  Marauder  
  200  24:33  Ghost Academy  
  200  24:34  Nuke  
  200  24:44  Ghost, Marine  
  189  24:47  Marauder, Marine  
  189  24:48  Marine  
  189  24:50  Marine  
  189  24:52  Liberator, Ghost  
  175  24:53  Marine  
  175  24:54  Marine  
  175  24:55  Liberator  
  175  24:56  Liberator  
  175  24:57  Marauder  
  175  25:02  Marine  
  175  25:04  Marine  
  175  25:06  Marine  
  171  25:08  Marauder, Marine  
  171  25:11  Marine  
  171  25:12  Marine  
  171  25:13  Marine  
  177  25:16  Liberator  
  177  25:17  Marine  
  177  25:20  Marine  
  182  25:22  Orbital Command, Marine, Marauder  
  182  25:24  Marine  
  182  25:25  Liberator  
  182  25:26  Marine  
  182  25:28  Ghost  
  182  25:29  Liberator  
  182  25:30  Orbital Command, Marine x2, Marauder  
  179  25:36  Marauder  
  179  25:37  Liberator  
  179  25:38  Marine  
  179  25:40  Marine  
  179  25:41  Marine  
  179  25:42  Medivac, Ghost  
  184  25:43  Liberator, Marine  
  184  25:48  Ghost, Marauder  
  194  25:51  Marauder  
  194  25:56  Marine  
  197  25:57  Marauder, Orbital Command  
  197  26:00  Orbital Command  
  199  26:14  Ghost  
  199  26:17  Marine  
  199  26:18  Liberator, Marine  
  190  26:19  Ghost  
  190  26:21  Marauder  
  190  26:22  Liberator  
  190  26:24  Marine, Marauder x2  
  196  26:27  Marine x2  
  196  26:34  Medivac  
  196  26:35  Marine  
  196  26:36  Marine  
  196  26:42  Marine  
  196  26:43  Marauder  
  196  26:44  Marauder  
  196  26:45  Marauder, Marine  
  196  26:46  Marine  
  198  26:48  Marine x2  
  198  26:59  Marine  
Show
View Real Time Build Order
Export as new Build Order

goblin Protoss 

Build Orders: 1 Gate Expand, Phoenix Opening 

Get SALT Encoding   

  12  0:00  Probe  
  13  0:12  Probe  
  14  0:17  Pylon  
  14  0:24  Probe (Chrono Boost)  
  15  0:36  Probe (Chrono Boost)  
  15  0:37  Gateway  
  16  0:44  Probe (Chrono Boost)  
  16  0:46  Assimilator  
  17  0:51  Probe  
  18  1:03  Probe  
  19  1:15  Probe  
  20  1:24  Cybernetics Core  
  20  1:33  Nexus  
  20  1:36  Probe  
  21  1:43  Pylon  
  21  1:48  Probe  
  22  1:55  Assimilator  
  22  1:58  Adept (Chrono Boost)  
  22  2:01  Probe  
  25  2:15  Probe  
  25  2:20  Stargate  
  25  2:22  Adept (Chrono Boost)  
  25  2:27  Probe  
  28  2:33  Warp Gate  
  28  2:39  Probe  
  29  2:45  Probe  
  29  2:46  Stalker  
  32  2:51  Probe  
  32  2:57  Probe  
  34  3:02  Shield Battery  
  34  3:03  Phoenix (Chrono Boost), Probe  
  37  3:09  Probe  
  38  3:16  Pylon, Probe  
  39  3:21  Probe  
  39  3:24  Phoenix (Chrono Boost)  
  42  3:29  Probe  
  43  3:36  Probe  
  44  3:41  Probe  
  44  3:42  Gateway  
  45  3:48  Phoenix (Chrono Boost), Probe  
  45  3:52  Shield Battery  
  45  3:53  Probe  
  49  3:56  Pylon  
  49  4:02  Probe  
  50  4:13  Phoenix  
  53  4:17  Probe x2  
  53  4:19  Assimilator  
  53  4:20  Assimilator  
  53  4:21  Pylon  
  53  4:22  Stalker  
  56  4:29  Robotics Facility  
  56  4:32  Probe x2  
  56  4:37  Stalker  
  60  4:44  Probe x2  
  62  4:47  Phoenix  
  62  4:52  Pylon  
  64  4:56  Probe x2  
  66  5:02  Nexus  
  66  5:11  Twilight Council  
  66  5:13  Probe x2  
  68  5:14  Observer  
  68  5:20  Robotics Bay  
  69  5:25  Probe x2  
  71  5:30  Zealot x2, Observer  
  71  5:33  Pylon  
  75  5:36  Observer  
  75  5:37  Pylon  
  75  5:38  Probe x2  
  78  5:48  Charge  
  78  5:52  Phoenix, Gateway  
  78  5:53  Gateway  
  80  6:04  Colossus (Chrono Boost)  
  80  6:09  Probe x2  
  80  6:10  Nexus  
  87  6:12  Pylon  
  87  6:20  Zealot x2  
  87  6:24  Pylon  
  91  6:26  Extended Thermal Lance  
  91  6:34  Pylon  
  90  6:41  Probe  
  90  6:42  Colossus (Chrono Boost)  
  90  6:44  Phoenix, Forge, Gateway  
  98  6:56  Nexus  
  98  7:01  Zealot, Sentry  
  100  7:06  Pylon  
  102  7:09  Observer  
  102  7:13  Phoenix  
  104  7:16  Protoss Ground Weapons Level 1 (Chrono Boost)  
  104  7:21  Zealot  
  104  7:22  Zealot  
  108  7:26  Colossus (Chrono Boost)  
  114  7:36  Probe x2  
  116  7:38  Pylon  
  116  7:56  Zealot  
  116  7:58  Zealot x3, Observer  
  118  7:59  Pylon  
  118  8:04  Zealot  
  126  8:08  Probe x2  
  126  8:10  Warp Prism (Chrono Boost)  
  130  8:22  Zealot x4  
  130  8:23  Probe x2  
  140  8:37  Zealot  
  142  8:52  Pylon, Nexus, Gateway x2  
  142  8:54  Gateway  
  142  8:56  Templar Archives  
  142  9:01  Zealot x3  
  148  9:07  Protoss Ground Armor Level 1 (Chrono Boost)  
  148  9:11  Pylon, Forge  
  148  9:26  Zealot  
  148  9:27  Zealot x3  
  156  9:31  Pylon  
  156  9:33  Pylon  
  142  9:43  Zealot  
  142  9:45  Protoss Ground Weapons Level 2 (Chrono Boost)  
  136  9:52  Zealot, High Templar x6  
  148  9:54  Probe x2  
  148  9:55  Assimilator  
  148  9:56  Probe  
  148  9:57  Assimilator, Archon x2  
  148  9:58  Archon  
  153  10:00  Pylon  
  153  10:05  Blink, Gateway  
  153  10:06  Probe, Gateway  
  152  10:08  Immortal (Chrono Boost)  
  152  10:09  Zealot  
  158  10:28  Zealot x7  
  168  10:30  Zealot  
  168  10:32  Probe x4  
  178  10:44  Probe  
  179  10:51  Zealot x2  
  179  10:52  Zealot x6  
  189  11:05  Probe  
  189  11:08  Disruptor (Chrono Boost)  
  190  11:13  Robotics Facility  
  190  11:15  Robotics Facility  
  190  11:21  Stalker  
  190  11:22  Stalker x4  
  199  11:27  Protoss Ground Armor Level 2 (Chrono Boost)  
  199  11:33  Observer  
  200  11:42  Nexus  
  200  11:43  Pylon  
  200  11:44  Protoss Ground Weapons Level 3 (Chrono Boost)  
  198  12:01  Gateway  
  196  12:03  Gateway  
  196  12:07  Pylon  
  178  12:15  Zealot x10  
  178  12:22  Disruptor x3  
  154  12:40  Zealot x10  
  154  12:43  Probe x3  
  175  12:57  Disruptor  
  161  13:01  Zealot x9  
  121  13:33  Disruptor x2 (Chrono Boost)  
  107  13:35  Stalker x12  
  107  13:38  Disruptor (Chrono Boost)  
  119  13:46  Protoss Ground Armor Level 3 (Chrono Boost)  
  115  14:02  Disruptor  
  119  14:11  Disruptor x2  
  119  14:12  Protoss Shields Level 1 (Chrono Boost)  
  127  14:20  Stalker x11  
  148  14:24  Probe x2  
  149  14:47  Observer x2  
  151  14:58  Zealot x6  
  151  14:59  Zealot x6  
  159  15:27  Stalker x11  
  171  15:30  Nexus  
  171  15:31  Pylon  
  129  16:00  Colossus x3 (Chrono Boost)  
  129  16:01  Zealot x6  
  129  16:02  Zealot x6  
  169  16:10  Protoss Shields Level 2 (Chrono Boost)  
  169  16:14  Assimilator x2  
  169  16:29  Stalker x6  
  173  16:50  Stalker x3  
  162  17:01  Zealot x9  
  168  17:14  Stalker x3  
  156  17:29  Stalker x7  
  162  17:42  Zealot x5  
  170  17:45  Probe x2  
  170  17:46  Probe x2  
  170  17:48  Probe x2  
  176  17:54  Pylon  
  176  17:57  Probe x2  
  175  18:12  Zealot x12  
  193  18:41  Zealot x3  
  199  18:56  Dark Shrine  
  195  19:08  Pylon, Nexus  
  181  19:13  Disruptor x3 (Chrono Boost)  
  172  19:26  Zealot x9  
  184  19:50  Stalker  
  184  19:51  Stalker x8  
  188  20:13  Shadow Stride (Chrono Boost)  
  186  20:15  Stalker x7  
  170  20:32  Zealot  
  170  20:33  Zealot x4  
  158  20:55  Stalker  
  158  20:56  Zealot x5, Stalker x3  
  158  20:57  Zealot x3  
  157  21:17  Probe x4  
  149  21:24  Stalker x12  
  165  21:26  Photon Cannon, Probe  
  165  21:27  Assimilator  
  164  21:51  Stalker x10  
  164  21:52  Stalker x2  
  167  22:10  Disruptor  
  167  22:15  Zealot x7  
  171  22:17  Zealot x5  
  151  22:36  Zealot x3  
  151  22:37  Zealot x4  
  155  22:38  Pylon  
  155  22:42  Assimilator  
  155  22:43  Zealot x4  
  155  22:44  Zealot  
  163  22:45  Assimilator  
  163  22:51  Observer x3  
  154  23:05  Pylon  
  142  23:21  Zealot  
  142  23:22  Zealot x11  
  166  23:29  Nexus  
  166  23:30  Shield Battery  
  166  23:32  Shield Battery  
  159  23:35  Nexus  
  159  23:36  Pylon  
  159  23:43  Disruptor x2  
  159  23:44  Disruptor  
  169  23:51  Zealot x2  
  169  23:52  Zealot x8  
  167  24:14  Stalker x2  
  171  24:17  Dark Templar x2  
  171  24:18  Sentry, Dark Templar x2  
  171  24:19  Dark Templar  
  171  24:22  Pylon  
  177  24:29  Stalker x4  
  177  24:31  Shield Battery  
  185  24:39  Pylon  
  141  24:53  Disruptor x3  
  141  24:59  Zealot x7  
  159  25:08  Stalker x3  
  161  25:17  Stalker x2  
  161  25:35  Observer  
  151  25:43  Stalker x6  
  151  25:49  Stalker  
  161  25:50  Zealot x3  
  161  25:54  Zealot x2  
  171  25:59  Probe x2, Shield Battery  
  171  26:00  Probe x2  
  171  26:04  Unknown  
  174  26:12  Photon Cannon, Shield Battery  
  158  26:20  Zealot x7  
  158  26:23  Dark Templar  
  160  26:26  Colossus (Chrono Boost)  
  144  26:49  Zealot  
  144  26:50  Zealot x3  
  142  26:58  Stalker x7  
  142  27:00  Zealot  
Tags
 
Add a new tag
Caveats
  • Supply blocks, unpowered buildings, or Contaminate may cause inaccurate times.
  • Supply counts are checked every 10 seconds.